 Dungeon Crawl Stone Soup version 0.24.1-8-ga250c9d538 (webtiles) character file.

Game seed: 1179119274566612825, levelgen mode: deterministic

1632 MordorOrchid the Ruffian (level 8, 0/72 HPs)
             Began as a Troll Earth Elementalist on May 4, 2020.
             Was a Believer of Cheibriados.
             Slain by lysyklops's ghost (10 damage)
             ... on level 5 of the Dungeon.
             The game lasted 00:23:46 (3358 turns).

MordorOrchid the Ruffian (Troll Earth Elementalist) Turns: 3358, Time: 00:23:47

Health: 0/72       AC:  6    Str: 21    XL:     8   Next: 66%
Magic:  18/20      EV: 11    Int: 17    God:    Cheibriados [**....]
Gold:   210        SH:  0    Dex: 14    Spells: 6/13 levels left

rFire    . . .     SeeInvis .     - Unarmed
rCold    . . .     Gourm    +   (no shield)
rNeg     . . .     Faith    .   c - +0 robe
rPois    +         Spirit   .   (helmet restricted)
rElec    .         Reflect  .   (no cloak)
rCorr    .         Harm     .   (gloves unavailable)
MR       .....                  (boots unavailable)
Stlth    ++........             (no amulet)
HPRegen  0.62/turn              n - ring of magical power
MPRegen  0.17/turn              A - ring of poison resistance

@: about to teleport, very slow
A: large, unfitting armour, claws 3, fast metabolism 3, gourmand, regeneration
1, shaggy fur 1, tough skin 3
a: Bend Time, Renounce Religion


You were on level 5 of the Dungeon.
You worshipped Cheibriados.
Cheibriados was pleased with you.
You were very full.

You visited 1 branch of the dungeon, and saw 6 of its levels.
You also visited: Ossuary.

You collected 210 gold pieces.

Inventory:

Hand Weapons
 m - a +0 antimagic dagger
Missiles
 b - 31 stones
 i - 7 boomerangs
 k - 32 bolts
 p - 25 poisoned darts (quivered)
Armour
 c - a +0 robe (worn)
Jewellery
 n - a ring of magical power (left claw)
 z - an uncursed ring of ice
 A - a ring of poison resistance (right claw)
Scrolls
 f - a scroll of fear {unknown}
 g - 4 scrolls of fog
 h - 2 scrolls of teleportation
 l - 4 scrolls of remove curse
 s - a scroll of blinking {unknown}
 v - a scroll of noise {unknown}
 x - a scroll of immolation {unknown}
 y - a scroll of enchant weapon {unknown}
 C - a scroll of holy word {unknown}
Potions
 e - a potion of might
 j - 4 potions of curing
 o - 2 potions of lignification
 q - 2 potions of flight
 r - a potion of agility {unknown}
 t - a potion of mutation {unknown}
 u - a potion of heal wounds {unknown}
 w - a potion of ambrosia {unknown}
Comestibles
 d - 9 rations
 B - 3 chunks of flesh


   Skills:
 - Level 2.0 Fighting
 * Level 3.5 Dodging
 - Level 1.0 Stealth
 * Level 7.4 Unarmed Combat
 * Level 3.2 Spellcasting
 - Level 2.0 Necromancy
 - Level 0.6 Transmutations
 - Level 4.0 Earth Magic


You had 6 spell levels left.
You knew the following spells:

 Your Spells              Type           Power        Failure   Level  Hunger
a - Sandblast             Erth           ###...       3%          1    None
b - Passwall              Tmut/Erth      ##......     10%         2    ##.....
k - Regeneration          Chrm/Necr      #.........   34%         3    ###....
u - Animate Skeleton      Necr           N/A          8%          1    None

Your spell library contained the following spells:

 Spells                   Type           Power        Failure   Level  Hunger
 Pain                     Necr           #...         8%          1    None
 Stone Arrow              Conj/Erth      #.....       22%         3    ###....
 Vampiric Draining        Necr           #.........   22%         3    ###....
 Petrify                  Tmut/Erth      ##......     54%         4    ####...
 Animate Dead             Necr           N/A          58%         4    ####...
 Lee's Rapid Deconstruct  Erth           ###.......   67%         5    ######.


Dungeon Overview and Level Annotations

Branches:
Dungeon (6/15)            Ossuary (visited)
 Temple: D:4-7

Altars:
Ashenzari
Cheibriados
Fedhas
Gozag
Nemelex Xobeh
Okawaru
Ru
Uskayaw

Annotations:
D:5 lysyklops's ghost, novice GrFi


Innate Abilities, Weirdness & Mutations

You are too large for most types of armour.
You have claws for hands.
Your metabolism is lightning-fast.
You like to eat raw meat.
Your natural rate of healing is unusually fast.
You are covered in fur. (AC +1)
You have extremely tough skin. (AC +3)


Message History

Cheibriados appreciates the change of pace.
Cheibriados raises the support of your attributes as your movement slows.
Lysyklops's ghost hits you! The adder bites you but does no damage.
You see here a leopard gecko corpse.
The flow of time bends around you.
Lysyklops's ghost resists with some effort.
You claw lysyklops's ghost!
Lysyklops's ghost is lightly damaged.
Lysyklops's ghost hits you!
You claw lysyklops's ghost!
Lysyklops's ghost is moderately damaged.
Lysyklops's ghost hits you!
* * * LOW HITPOINT WARNING * * *
Okay, then.
Okay, then.
As you read the scroll of teleportation, it crumbles to dust.
You feel strangely unstable.
Lysyklops's ghost hits you but does no damage.
Lysyklops's ghost hits you!
You die...

......###............#....#
.<.....##.....##.....##...#
..............##.....###..##
..............##.#..###....#
.................####.##...#
.....).......#.........#.###
.............###.......###
............#####........##
.........##..>SW@.........##
.........###.###...........#
..........##.##...........##
...........................#
............#......##..##.##
............##....## ### #
........##....#####
.......###...##
.#.....#.....#


You could see lysyklops's ghost and an adder.

Vanquished Creatures
  Sigmund (D:5)
  An ice beast (D:5)
  A sky beast (D:4)
  A necrophage (D:6)
  3 ogres
  2 bullfrogs (D:5)
  A howler monkey (D:3)
  3 crimson imps
  A bullfrog zombie (D:6)
  2 jellies (D:5)
  A bullfrog skeleton (D:6)
  2 centaur zombies
  A gnoll shaman (D:4)
  2 human zombies (Ossuary)
  2 worker ants
  A big kobold zombie (Ossuary)
  4 mummies (Ossuary)
  A howler monkey skeleton (D:6)
  12 gnolls
  4 adders
  An ooze (D:1)
  An adder skeleton (D:5)
  3 worms
  3 dart slugs
  A leopard gecko (D:5)
  14 orcs
  3 giant cockroaches
  A gnoll zombie (Ossuary)
  6 goblins
  8 hobgoblins
  12 jackals
  3 quokkas
  2 ball pythons
  7 bats
  8 frilled lizards
  A hobgoblin zombie (Ossuary)
  13 kobolds
  A kobold zombie (Ossuary)
  A leopard gecko zombie (D:5)
  An orc zombie (Ossuary)
  5 rats
141 creatures vanquished.

Notes
Turn   | Place    | Note
-------+----------+-------------------------------------------
     0 | D:1      | MordorOrchid the Troll Earth Elementalist began the quest
                  | for the Orb.
     0 | D:1      | Reached XP level 1. HP: 16/16 MP: 1/1
   196 | D:1      | Reached XP level 2. HP: 24/24 MP: 0/3
   200 | D:1      | Learned a level 2 spell: Passwall
   672 | D:1      | Reached XP level 3. HP: 32/32 MP: 0/4
   788 | D:2      | Reached skill level 1 in Unarmed Combat
   943 | D:2      | Reached XP level 4. HP: 21/40 MP: 0/5
  1254 | D:2      | Reached skill level 1 in Fighting
  1300 | D:2      | Reached XP level 5. HP: 13/48 MP: 5/7
  1566 | D:3      | Learned a level 1 spell: Animate Skeleton
  1570 | D:3      | Learned a level 3 spell: Regeneration
  1612 | D:3      | Found a sacrificial altar of Ru.
  1873 | D:3      | Found a sparkling altar of Nemelex Xobeh.
  1875 | D:3      | Found a snail-covered altar of Cheibriados.
  1875 | D:3      | Found a shattered altar of Ashenzari.
  1875 | D:3      | Found a hide-covered altar of Uskayaw.
  1876 | D:3      | Found a blossoming altar of Fedhas.
  1876 | D:3      | Found an iron altar of Okawaru.
  1876 | D:3      | Found an opulent altar of Gozag.
  1885 | D:3      | Became a worshipper of Cheibriados the Contemplative
  2217 | D:4      | Reached skill level 2 in Unarmed Combat
  2248 | D:4      | Reached XP level 6. HP: 40/55 MP: 3/8
  2286 | D:4      | Found a sand-covered staircase.
  2292 | Ossuary  | Entered an ossuary
  2382 | Ossuary  | Reached * piety under Cheibriados
  2456 | Ossuary  | Reached skill level 3 in Unarmed Combat
  2456 | Ossuary  | Reached skill level 1 in Necromancy
  2845 | D:5      | Entered Level 5 of the Dungeon
  2849 | D:5      | Noticed a sky beast
  2868 | D:4      | Reached XP level 7. HP: 27/63 MP: 5/10
  2912 | D:5      | Reached skill level 4 in Unarmed Combat
  2997 | D:5      | Reached skill level 5 in Unarmed Combat
  3107 | D:5      | Reached XP level 8. HP: 44/72 MP: 11/11
  3200 | D:5      | Noticed Sigmund
  3213 | D:5      | Killed Sigmund
  3213 | D:5      | Reached skill level 6 in Unarmed Combat
  3250 | D:6      | Reached skill level 7 in Unarmed Combat
  3253 | D:6      | Found a runed translucent door.
  3265 | D:6      | Noticed lysyklops's ghost (novice GrFi)
  3351 | D:5      | Reached ** piety under Cheibriados
  3358 | D:5      | Slain by lysyklops's ghost

Levels and vault maps discovered:
D:1:      psy_arrival_whirlpool, layout_basic, minmay_tromino_v4_b
D:2:      layout_basic, minmay_misc_feat_enclosed
D:3:      layout_loops_corners, grunt_temple_overflow_open,
          nicolae_ru_sacrificial_ziggurat, uniq_crazy_yiuf_cottage
D:4:      minmay_wonky_spiral, layout_cave_pools, serial_forest,
          infiniplex_forest_lined_2, infiniplex_forest_lined_2,
          infiniplex_forest_zigzag_1, infiniplex_forest_straight_2,
          infiniplex_forest_lined_ring, infiniplex_forest_lined_3_way,
          infiniplex_forest_lined_corner, infiniplex_forest_straight_4,
          first_ration, nicolae_ossuary_entry_plus, minivault_23
D:5:      layout_cave_pools, minivault_27, hex_tiny, uniq_sigmund
D:6:      layout_rooms, minmay_temple_entry_large_hall, serial_shops, shop,
          ebering_ghost_sewer_f

Skill      XL: |  1  2  3  4  5  6  7  8 |
---------------+-------------------------+-----
Earth Magic    | 3 4 |  4.0
Dodging        | 2 3 |  3.5
Unarmed Combat | 1 2 3 5 7 |  7.4
Fighting       | 1 2 |  2.0
Spellcasting   | 2 3 |  3.2
Necromancy     | 1 2 |  2.0
Stealth        | |  1.0
Transmutations | |  0.6

Action                   |  1- 3 |  4- 6 |  7- 9 || total
-------------------------+-------+-------+-------++-------
Melee: Whip              |   149 |     2 |       ||   151
       Unarmed           |     1 |   200 |    98 ||   299
       Punch             |       |     4 |     3 ||     7
Throw: Dart              |       |     6 |    24 ||    30
       Boomerang         |       |       |     7 ||     7
 Cast: Sandblast         |    30 |    39 |     3 ||    72
Invok: Bend Time         |       |     6 |     3 ||     9
  Use: Scroll            |     4 |     5 |     1 ||    10
       Potion            |       |     1 |     3 ||     4
 Stab: Sleeping          |     2 |       |       ||     2
  Eat: Chunk             |    15 |    15 |     7 ||    37
Armor: Robe              |    52 |    51 |    36 ||   139
Dodge: Dodged            |    79 |    73 |    43 ||   195
